Blackhawks vs Nordiques

Created - 28 octobre 2025 at 17:08

Goals
1 2 3 T
Blackhawks 1 1 3 5
Nordiques 0 1 0 1
Shots
1 2 3 T
Blackhawks 7 9 14 30
Nordiques 15 10 17 42

GoalsPenalties
1st period
1. Blackhawks , Tyler Bertuzzi 4 (Mark Stone 3) at 9:59
Sebastian Aho (QUE) for Tripping (Minor) at 13:35
2nd period
2. Nordiques , Alex Newhook 2 (Alexander Wennberg 8) at 4:55
3. Blackhawks , Kevin Hayes 1 (Moritz Seider 6) at 6:24
Michael Rasmussen (CHI) for Interference (Minor) at 7:56
3rd period
4. Blackhawks , Moritz Seider 1 (Adrian Kempe 3, Matt Coronato 2) at 0:12
5. Blackhawks , Adrian Kempe 2 (Carson Soucy 1) at 5:26
6. Blackhawks , Mikael Backlund 3 (Mark Stone 4) at 6:09
Carson Soucy (CHI) for Roughing (Minor) at 1:34
Mattias Ekholm (QUE) for High sticking (Minor) at 6:31
Goalie Stats
David Rittich (CHI), 41 saves from 42 shots - (0,976), W, 4-1-0, 60:00 minutes
Semyon Varlamov (QUE), 25 saves from 30 shots - (0,833), L, 2-4-0, 60:00 minutes
3 StarsOfficial
1 - David Rittich (CHI)
2 - Adrian Kempe (CHI)
3 - Moritz Seider (CHI)
Referees : Frederick L'Ecuyer and Jean Hebert
Linesman : Andrew Smith and Steven Walsh
Game Note
No Game Note
Finance
Level 1 -- Attendance: 5397 (89,95%) -- Ticket Income $431,760
Level 2 -- Attendance: 5000 (100,00%) -- Ticket Income $250,000
Level 3 -- Attendance: 2000 (100,00%) -- Ticket Income $50,000
Level 4 -- Attendance: 4000 (100,00%) -- Ticket Income $40,000
Luxury Box -- Attendance: 1000 (100,00%) -- Ticket Income $160,000
Game was played at the Colisee.
Total Attendance: 17397 (96,65%)
Total Ticket Income: $931,760
Other Income: $456,562
Total Income: $1,388,322



Team Name Goals Shots Shots Attemp Shots Blocked PIM HIT PP PK FO%
Blackhawks 53067154200 / 2 (0%)040%
Nordiques 14281214150 / 2 (0%)060%

Blackhawks
Player Name POS G A P +/- PIM HIT SHT SB MP PP MP PP SHT PK MP PK SHT FO% FOT GA TA
000000000:000:0000:0000% 000
000000000:000:0000:0000% 000
Adrian KempeLW/RW1122035018:172:1101:59050% 200
Carson SoucyD0111201119:471:1800:5300% 000
Jack St. IvanyD0001010115:300:0001:4700% 000
James van RiemsdykLW0001012112:370:0000:0000% 010
Kevin HayesC/LW/RW1011021014:160:1001:1600% 000
Luke KuninC/RW000000209:520:1000:47067% 300
Mark StoneRW0221003018:312:1110:00025% 401
Matt CoronatoLW/RW0112002015:511:3700:0000% 300
Michael AmadioC/RW000000018:290:0000:0000% 010
Michael RasmussenC/LW/RW0002210014:260:1000:00027% 1500
Mikael BacklundC1011022119:272:1100:42052% 2510
Moritz SeiderD1122021025:362:4002:1200% 010
Niko MikkolaD0001031219:550:0002:2600% 001
Pavel MintyukovD0001000215:041:1800:0000% 000
Roman JosiD0002022324:212:4010:3800% 000
Tyler BertuzziLW/RW1011012218:041:3700:0000% 410
Yakov TreninC/LW000002309:570:0001:1400% 000
Yanni GourdeC/LW0001003116:001:3701:58050% 1200
Nordiques
Player Name POS G A P +/- PIM HIT SHT SB MP PP MP PP SHT PK MP PK SHT FO% FOT GA TA
000000000:000:0000:0000% 000
000000000:000:0000:0000% 000
Alex NewhookC/LW101-1004013:210:0000:0000% 000
Alexander WennbergC/LW/RW011-1014115:500:2102:08063% 1600
Brent BurnsRW/D0000000121:172:2901:3000% 001
Chris KreiderC/LW/RW000-1015118:562:0401:0700% 100
Cole SmithLW000-2015010:510:0000:5500% 000
Elias Pettersson2D000-2030116:000:0000:0000% 000
Kirby DachC/RW000-1011114:170:2100:24050% 200
Lucas RaymondLW/RW000-1002318:352:0400:4300% 001
Marco RossiC0000002014:241:3300:00059% 1700
Martin FehervaryD0000013318:550:0001:3000% 000
Mattias EkholmD000-2202121:461:2901:1200% 000
Peyton KrebsC/LW000-201109:560:0000:00050% 800
Pius SuterC/LW/RW0000001216:321:3302:080100% 111
Sebastian AhoC/LW/RW000-1235318:302:0400:31067% 2101
Shayne GostisbehereD000-2003319:342:2901:1600% 001
Travis SanheimD000-2021022:351:2902:2800% 000
Tyson FoersterC/RW0000012014:241:3300:000100% 110
Vasily PodkolzinRW000-2001110:170:2100:0000% 100

Blackhawks

5 vs 5 Forward
Line #Left WingCenterRight WingPHYDFOFWanted %Time %Time Play
1Tyler BertuzziMikael BacklundMark Stone0143132%16:30
2Matt CoronatoMichael RasmussenAdrian Kempe1132828%14:28
3James van RiemsdykYanni GourdeKevin Hayes3112524%12:37
4Yakov TreninLuke KuninMichael Amadio2211616%8:29
5 vs 5 Defense
Line #DefenseDefensePHYDFOFWanted %Time %Time Play
1Moritz SeiderRoman Josi0233939%20:29
2Niko MikkolaCarson Soucy1313434%17:49
3Pavel MintyukovJack St. Ivany2302726%13:46
4Moritz SeiderRoman Josi12200%0:00
Power Play Forward
Line #Left WingCenterRight WingPHYDFOFWanted %Time %Time Play
1Adrian KempeMikael BacklundMark Stone0056059%2:21
2Matt CoronatoYanni GourdeTyler Bertuzzi0054041%1:37
Power Play Defense
Line #DefenseDefensePHYDFOFWanted %Time %Time Play
1Moritz SeiderRoman Josi0056067%2:40
2Pavel MintyukovCarson Soucy0054033%1:18
Penalty Kill 4 Players Forward
Line #CenterWingPHYDFOFWanted %Time %Time Play
1Yanni GourdeAdrian Kempe1316082%3:16
2Mikael BacklundYakov Trenin1314018%0:42
Penalty Kill 4 Players Defense
Line #DefenseDefensePHYDFOFWanted %Time %Time Play
1Moritz SeiderNiko Mikkola1226039%1:33
2Carson SoucyJack St. Ivany1224061%2:25
Penalty Kill 3 Players
Line #WingPHYDFOFWanted %Time %Time PlayDefenseDefensePHYDFOFWanted %Time %Time Play
1Yanni Gourde131600%0:00 Moritz SeiderNiko Mikkola122600%0:00
2Yakov Trenin221400%0:00 Carson SoucyJack St. Ivany122400%0:00
4 vs 4 Forward
Line #CenterWingPHYDFOFWanted %Time %Time Play
1Mikael BacklundAdrian Kempe122600%0:00
2Yanni GourdeMark Stone122400%0:00
4 vs 4 Defense
Line #DefensePHYDFOFWanted %Time %Time Play
1Moritz SeiderRoman Josi122600%0:00
2Niko MikkolaCarson Soucy122400%0:00
Last Minutes Offensive
Left WingCenterRight WingDefenseDefense
Adrian KempeMikael BacklundMark StoneMoritz SeiderRoman Josi
Last Minutes Defensive
Left WingCenterRight WingDefenseDefense
Michael RasmussenYanni GourdeYakov TreninMoritz SeiderRoman Josi
Time
Total ForwardTotal DefenseLast Minutes OffensiveLast Minutes Defensive
60:00 60:00 0:000:00
Extra Forwards
Normal PowerPlayPenalty Kill
Adrian Kempe, Mark Stone, Yanni GourdeAdrian Kempe, Mark StoneYakov Trenin
Extra Defensemen
Normal PowerPlayPenalty Kill
Moritz Seider, Roman Josi, Niko MikkolaRoman Josi, Moritz SeiderNiko Mikkola
Penalty Shots
Adrian Kempe, Yanni Gourde, Kevin Hayes, Mark Stone, James van Riemsdyk
Goalie
David Rittich, Alex Nedeljkovic
Custom OT Lines Forwards
Adrian Kempe, Mark Stone, Mikael Backlund, James van Riemsdyk, Yanni Gourde, Matt Coronato, Tyler Bertuzzi, Michael Amadio, Kevin Hayes, Michael Rasmussen
Custom OT Lines Defensemen
Moritz Seider, Roman Josi, Carson Soucy, Pavel Mintyukov, Niko Mikkola
Scratches
Dominic Toninato (Healthy), Tomas Tatar (Healthy), Adam Wilsby (Healthy)

Nordiques

5 vs 5 Forward
Line #Left WingCenterRight WingPHYDFOFWanted %Time %Time Play
1Lucas RaymondSebastian AhoChris Kreider1223030%15:48
2Pius SuterMarco RossiTyson Foerster1222525%12:59
3Alex NewhookAlexander WennbergKirby Dach1132526%13:21
4Cole SmithPeyton KrebsVasily Podkolzin1222019%9:56
5 vs 5 Defense
Line #DefenseDefensePHYDFOFWanted %Time %Time Play
1Mattias EkholmTravis Sanheim1223535%18:05
2Martin FehervaryBrent Burns1133535%18:29
3Shayne GostisbehereElias Pettersson21133030%15:30
4Mattias EkholmTravis Sanheim11300%0:00
Power Play Forward
Line #Left WingCenterRight WingPHYDFOFWanted %Time %Time Play
1Lucas RaymondSebastian AhoChris Kreider1136061%2:25
2Pius SuterMarco RossiTyson Foerster1134039%1:33
Power Play Defense
Line #DefenseDefensePHYDFOFWanted %Time %Time Play
1Shayne GostisbehereBrent Burns1136063%2:29
2Mattias EkholmTravis Sanheim1134037%1:29
Penalty Kill 4 Players Forward
Line #CenterWingPHYDFOFWanted %Time %Time Play
1Alexander WennbergPius Suter1226072%2:51
2Sebastian AhoChris Kreider1224028%1:07
Penalty Kill 4 Players Defense
Line #DefenseDefensePHYDFOFWanted %Time %Time Play
1Mattias EkholmTravis Sanheim1226062%2:28
2Martin FehervaryBrent Burns1224038%1:30
Penalty Kill 3 Players
Line #WingPHYDFOFWanted %Time %Time PlayDefenseDefensePHYDFOFWanted %Time %Time Play
1Alexander Wennberg122600%0:00 Mattias EkholmTravis Sanheim122600%0:00
2Sebastian Aho122400%0:00 Martin FehervaryBrent Burns122400%0:00
4 vs 4 Forward
Line #CenterWingPHYDFOFWanted %Time %Time Play
1Sebastian AhoLucas Raymond113500%0:00
2Marco RossiChris Kreider113500%0:00
4 vs 4 Defense
Line #DefensePHYDFOFWanted %Time %Time Play
1Mattias EkholmTravis Sanheim113500%0:00
2Martin FehervaryBrent Burns113500%0:00
Last Minutes Offensive
Left WingCenterRight WingDefenseDefense
Lucas RaymondSebastian AhoChris KreiderShayne GostisbehereBrent Burns
Last Minutes Defensive
Left WingCenterRight WingDefenseDefense
Pius SuterAlexander WennbergChris KreiderTravis SanheimMartin Fehervary
Time
Total ForwardTotal DefenseLast Minutes OffensiveLast Minutes Defensive
60:00 60:00 0:000:00
Extra Forwards
Normal PowerPlayPenalty Kill
Sebastian Aho, Lucas Raymond, Chris KreiderAlexander Wennberg, Kirby DachCole Smith
Extra Defensemen
Normal PowerPlayPenalty Kill
Travis Sanheim, Mattias Ekholm, Brent BurnsMartin Fehervary, Shayne GostisbehereElias Pettersson2
Penalty Shots
Alexander Wennberg, Kirby Dach, Brent Burns, Chris Kreider, Pius Suter
Goalie
Semyon Varlamov, Dan Vladar
Custom OT Lines Forwards
Sebastian Aho, Lucas Raymond, Marco Rossi, Chris Kreider, Alexander Wennberg, Pius Suter, Peyton Krebs, Tyson Foerster, Kirby Dach, Alex Newhook
Custom OT Lines Defensemen
Travis Sanheim, Brent Burns, Mattias Ekholm, Martin Fehervary, Shayne Gostisbehere
Scratches
Nils Hoglander (Healthy), Philippe Myers (Lower Body Injury), Devin Cooley (Healthy)


Play-by-Play

1st period


0:01 of 1st period - Sebastian Aho wins face-off versus Tyler Bertuzzi in neutral zone.
0:06 of 1st period - Snap shot by Mark Stone.
0:06 of 1st period - Stopped by Semyon Varlamov without a rebound.
0:07 of 1st period - Sebastian Aho wins face-off versus Mikael Backlund in Nordiques zone.
0:22 of 1st period - Snap shot by Sebastian Aho.
0:22 of 1st period - Deflect By Lucas Raymond.
0:22 of 1st period - Shot Misses the Net.
0:22 of 1st period - Puck is out of play.
0:23 of 1st period - Marco Rossi wins face-off versus Michael Rasmussen in Blackhawks zone.
1:01 of 1st period - Martin Fehervary is hit by Kevin Hayes and loses puck.
1:29 of 1st period - Icing by Martin Fehervary.
1:30 of 1st period - Peyton Krebs wins face-off versus Mark Stone in Nordiques zone.
2:43 of 1st period - Off-side.
2:44 of 1st period - Luke Kunin wins face-off versus Peyton Krebs in neutral zone.
3:08 of 1st period - Vasily Podkolzin is hit by Yakov Trenin and loses puck.
3:19 of 1st period - Slapshot by Mattias Ekholm.
3:19 of 1st period - Shot Blocked by Michael Amadio.
3:21 of 1st period - Slapshot by Vasily Podkolzin.
3:21 of 1st period - Shot Misses the Net.
3:23 of 1st period - Slapshot by Travis Sanheim.
3:23 of 1st period - Shot Blocked by Pavel Mintyukov.
3:25 of 1st period - Snap shot by Vasily Podkolzin.
3:25 of 1st period - Deflect By Cole Smith.
3:25 of 1st period - Stopped by David Rittich with a rebound.
3:27 of 1st period - Slapshot by Mattias Ekholm.
3:27 of 1st period - Deflect By Vasily Podkolzin.
3:27 of 1st period - Shot Misses the Net.
3:27 of 1st period - Puck is out of play.
3:28 of 1st period - Sebastian Aho wins face-off versus Mikael Backlund in Blackhawks zone.
3:46 of 1st period - Icing by Carson Soucy.
3:47 of 1st period - Marco Rossi wins face-off versus Mark Stone in Blackhawks zone.
4:00 of 1st period - Wrist shot by Tyler Bertuzzi.
4:00 of 1st period - Deflect By Mark Stone.
4:00 of 1st period - Stopped by Semyon Varlamov without a rebound.
4:01 of 1st period - Michael Rasmussen wins face-off versus Alexander Wennberg in Nordiques zone.
4:28 of 1st period - Snap shot by Sebastian Aho.
4:28 of 1st period - Stopped by David Rittich with a rebound.
4:30 of 1st period - Slapshot by Shayne Gostisbehere.
4:30 of 1st period - Stopped by David Rittich with a rebound.
4:32 of 1st period - Wrist shot by Chris Kreider.
4:32 of 1st period - Shot Misses the Net.
4:34 of 1st period - Slapshot by Shayne Gostisbehere.
4:34 of 1st period - Stopped by David Rittich without a rebound.
4:35 of 1st period - Mikael Backlund wins face-off versus Marco Rossi in Blackhawks zone.
5:24 of 1st period - Snap shot by Alexander Wennberg.
5:24 of 1st period - Shot Blocked by Yanni Gourde.
6:17 of 1st period - Slapshot by Vasily Podkolzin.
6:17 of 1st period - Shot Misses the Net.
6:19 of 1st period - Slapshot by Mattias Ekholm.
6:19 of 1st period - Stopped by David Rittich without a rebound.
6:20 of 1st period - Michael Rasmussen wins face-off versus Sebastian Aho in Blackhawks zone.
6:57 of 1st period - Slapshot by Alexander Wennberg.
6:57 of 1st period - Deflect By Kevin Hayes.
6:57 of 1st period - Stopped by David Rittich with a rebound.
6:59 of 1st period - Slapshot by Martin Fehervary.
6:59 of 1st period - Stopped by David Rittich with a rebound.
7:13 of 1st period - Mattias Ekholm is hit by Mikael Backlund and loses puck.
7:39 of 1st period - Snap shot by Yakov Trenin.
7:39 of 1st period - Stopped by Semyon Varlamov with a rebound.
8:14 of 1st period - Carson Soucy is hit by Elias Pettersson2 and loses puck.
8:19 of 1st period - Slapshot by Alex Newhook.
8:19 of 1st period - Stopped by David Rittich with a rebound.
8:23 of 1st period - Snap shot by Kirby Dach.
8:23 of 1st period - Shot Misses the Net.
8:25 of 1st period - Snap shot by Alexander Wennberg.
8:25 of 1st period - Shot Misses the Net.
8:27 of 1st period - Slapshot by Shayne Gostisbehere.
8:27 of 1st period - Stopped by David Rittich with a rebound.
8:58 of 1st period - Off-side.
8:59 of 1st period - Luke Kunin wins face-off versus Peyton Krebs in neutral zone.
9:38 of 1st period - Moritz Seider is hit by Sebastian Aho and loses puck.
9:59 of 1st period - Slapshot by Tyler Bertuzzi.
9:59 of 1st period - Goal by Tyler Bertuzzi - Blackhawks : 1 - Nordiques : 0.
10:00 of 1st period - Marco Rossi wins face-off versus Michael Rasmussen in neutral zone.
11:17 of 1st period - Off-side.
11:18 of 1st period - Adrian Kempe wins face-off versus Marco Rossi in neutral zone.
11:25 of 1st period - Snap shot by Matt Coronato.
11:25 of 1st period - Shot Misses the Net.
11:33 of 1st period - Snap shot by Adrian Kempe.
11:33 of 1st period - Stopped by Semyon Varlamov without a rebound.
11:34 of 1st period - Yanni Gourde wins face-off versus Chris Kreider in Nordiques zone.
11:37 of 1st period - Snap shot by James van Riemsdyk.
11:37 of 1st period - Shot Blocked by Lucas Raymond.
11:47 of 1st period - Snap shot by Yanni Gourde.
11:47 of 1st period - Shot Misses the Net.
11:50 of 1st period - Icing by Shayne Gostisbehere.
11:51 of 1st period - Mikael Backlund wins face-off versus Sebastian Aho in Nordiques zone.
11:52 of 1st period - Wrist shot by Mark Stone.
11:52 of 1st period - Shot Blocked by Elias Pettersson2.
11:58 of 1st period - Slapshot by Sebastian Aho.
11:58 of 1st period - Shot Blocked by Roman Josi.
12:00 of 1st period - Wrist shot by Chris Kreider.
12:00 of 1st period - Shot Blocked by Tyler Bertuzzi.
12:02 of 1st period - Snap shot by Chris Kreider.
12:02 of 1st period - Stopped by David Rittich without a rebound.
12:03 of 1st period - Alexander Wennberg wins face-off versus Michael Rasmussen in Blackhawks zone.
12:18 of 1st period - Wrist shot by Adrian Kempe.
12:18 of 1st period - Shot Blocked by Martin Fehervary.
13:16 of 1st period - Vasily Podkolzin is hit by Yakov Trenin and loses puck.
13:21 of 1st period - Snap shot by Michael Amadio.
13:21 of 1st period - Shot Blocked by Shayne Gostisbehere.
13:33 of 1st period - Wrist shot by Adrian Kempe.
13:33 of 1st period - Deflect By Sebastian Aho.
13:33 of 1st period - Stopped by Semyon Varlamov with a rebound.
13:35 of 1st period - Minor Penalty to Sebastian Aho for Tripping.
13:36 of 1st period - Alexander Wennberg wins face-off versus Mark Stone in Nordiques zone.
14:16 of 1st period - Wrist shot by Matt Coronato.
14:16 of 1st period - Shot Blocked by Chris Kreider.
15:33 of 1st period - Snap shot by Kevin Hayes.
15:33 of 1st period - Shot Blocked by Lucas Raymond.
15:35 of 1st period - Penalty to Sebastian Aho is over, Sebastian Aho is back on ice.
16:04 of 1st period - Icing by Carson Soucy.
16:05 of 1st period - Marco Rossi wins face-off versus Luke Kunin in Blackhawks zone.
16:06 of 1st period - Wrist shot by Tyson Foerster.
16:06 of 1st period - Deflect By Luke Kunin.
16:06 of 1st period - Shot Blocked by Niko Mikkola.
16:06 of 1st period - Puck is out of play.
16:07 of 1st period - Sebastian Aho wins face-off versus Michael Rasmussen in Blackhawks zone.
16:08 of 1st period - Wrist shot by Lucas Raymond.
16:08 of 1st period - Shot Blocked by Niko Mikkola.
16:57 of 1st period - Jack St. Ivany is hit by Martin Fehervary and loses puck.
17:22 of 1st period - Snap shot by Peyton Krebs.
17:22 of 1st period - Shot Misses the Net.
17:24 of 1st period - Snap shot by Vasily Podkolzin.
17:24 of 1st period - Shot Misses the Net.
17:26 of 1st period - Snap shot by Vasily Podkolzin.
17:26 of 1st period - Shot Misses the Net.
18:01 of 1st period - Snap shot by Marco Rossi.
18:01 of 1st period - Shot Misses the Net.
18:03 of 1st period - Slapshot by Martin Fehervary.
18:03 of 1st period - Stopped by David Rittich with a rebound.
18:05 of 1st period - Wrist shot by Pius Suter.
18:05 of 1st period - Stopped by David Rittich with a rebound.
18:07 of 1st period - Snap shot by Martin Fehervary.
18:07 of 1st period - Stopped by David Rittich without a rebound.
18:08 of 1st period - Marco Rossi wins face-off versus Mikael Backlund in Blackhawks zone.
18:09 of 1st period - Slapshot by Tyson Foerster.
18:09 of 1st period - Deflect By Marco Rossi.
18:09 of 1st period - Shot Blocked by Roman Josi.
18:09 of 1st period - Puck is out of play.
18:10 of 1st period - Mikael Backlund wins face-off versus Sebastian Aho in Blackhawks zone.
18:21 of 1st period - Sebastian Aho is hit by Moritz Seider and loses puck.
19:01 of 1st period - Snap shot by James van Riemsdyk.
19:01 of 1st period - Shot Misses the Net.
19:03 of 1st period - Snap shot by Yanni Gourde.
19:03 of 1st period - Stopped by Semyon Varlamov without a rebound.
19:04 of 1st period - Yanni Gourde wins face-off versus Alexander Wennberg in Nordiques zone.
19:07 of 1st period - Snap shot by Yanni Gourde.
19:07 of 1st period - Shot Misses the Net.
19:13 of 1st period - Snap shot by Alexander Wennberg.
19:13 of 1st period - Stopped by David Rittich with a rebound.
19:25 of 1st period - Snap shot by Alexander Wennberg.
19:25 of 1st period - Stopped by David Rittich without a rebound.
19:26 of 1st period - Sebastian Aho wins face-off versus Mikael Backlund in Blackhawks zone.
Goals for this period are 1 for Blackhawks vs 0 for Nordiques.
Shots for this period are 7 for Blackhawks vs 15 for Nordiques.

2nd period


0:01 of 2nd period - Mikael Backlund wins face-off versus Vasily Podkolzin in neutral zone.
0:14 of 2nd period - Snap shot by Mikael Backlund.
0:14 of 2nd period - Deflect By Martin Fehervary.
0:14 of 2nd period - Shot Misses the Net.
0:14 of 2nd period - Puck is out of play.
0:15 of 2nd period - Marco Rossi wins face-off versus Yanni Gourde in Nordiques zone.
0:27 of 2nd period - Slapshot by Travis Sanheim.
0:27 of 2nd period - Stopped by David Rittich with a rebound.
0:29 of 2nd period - Wrist shot by Mattias Ekholm.
0:29 of 2nd period - Stopped by David Rittich with a rebound.
0:49 of 2nd period - Backhand shot by Chris Kreider.
0:49 of 2nd period - Stopped by David Rittich without a rebound.
0:50 of 2nd period - Mikael Backlund wins face-off versus Kirby Dach in Blackhawks zone.
1:44 of 2nd period - Wrist shot by Yakov Trenin.
1:44 of 2nd period - Stopped by Semyon Varlamov with a rebound.
3:01 of 2nd period - Snap shot by Luke Kunin.
3:01 of 2nd period - Stopped by Semyon Varlamov with a rebound.
3:30 of 2nd period - Off-side.
3:31 of 2nd period - Alexander Wennberg wins face-off versus Tyler Bertuzzi in neutral zone.
3:34 of 2nd period - Snap shot by Alexander Wennberg.
3:34 of 2nd period - Shot Misses the Net.
3:42 of 2nd period - Snap shot by Mikael Backlund.
3:42 of 2nd period - Stopped by Semyon Varlamov without a rebound.
3:43 of 2nd period - Michael Rasmussen wins face-off versus Sebastian Aho in Nordiques zone.
4:21 of 2nd period - Snap shot by Tyson Foerster.
4:21 of 2nd period - Stopped by David Rittich without a rebound.
4:22 of 2nd period - Peyton Krebs wins face-off versus Matt Coronato in Blackhawks zone.
4:23 of 2nd period - Slapshot by Martin Fehervary.
4:23 of 2nd period - Deflect By Cole Smith.
4:23 of 2nd period - Stopped by David Rittich with a rebound.
4:37 of 2nd period - Slapshot by Adrian Kempe.
4:37 of 2nd period - Shot Misses the Net.
4:47 of 2nd period - Wrist shot by Tyler Bertuzzi.
4:47 of 2nd period - Shot Misses the Net.
4:49 of 2nd period - Wrist shot by Roman Josi.
4:49 of 2nd period - Deflect By Tyler Bertuzzi.
4:49 of 2nd period - Shot Blocked by Alexander Wennberg.
4:49 of 2nd period - Puck is out of play.
4:50 of 2nd period - Alexander Wennberg wins face-off versus Mikael Backlund in Nordiques zone.
4:55 of 2nd period - Wrist shot by Alex Newhook.
4:55 of 2nd period - Goal by Alex Newhook - Blackhawks : 1 - Nordiques : 1.
4:56 of 2nd period - Yanni Gourde wins face-off versus Sebastian Aho in neutral zone.
5:01 of 2nd period - Snap shot by Yanni Gourde.
5:01 of 2nd period - Shot Blocked by Sebastian Aho.
5:03 of 2nd period - Wrist shot by Yanni Gourde.
5:03 of 2nd period - Stopped by Semyon Varlamov with a rebound.
5:05 of 2nd period - Snap shot by Moritz Seider.
5:05 of 2nd period - Deflect By Kevin Hayes.
5:05 of 2nd period - Deflect By Shayne Gostisbehere.
5:05 of 2nd period - Shot Blocked by Lucas Raymond.
5:05 of 2nd period - Puck is out of play.
5:06 of 2nd period - Sebastian Aho wins face-off versus Yanni Gourde in Nordiques zone.
5:11 of 2nd period - Wrist shot by Sebastian Aho.
5:11 of 2nd period - Shot Misses the Net.
5:19 of 2nd period - Slapshot by Lucas Raymond.
5:19 of 2nd period - Stopped by David Rittich with a rebound.
5:49 of 2nd period - Shayne Gostisbehere is hit by Moritz Seider and loses puck.
6:24 of 2nd period - Snap shot by Kevin Hayes.
6:24 of 2nd period - Goal by Kevin Hayes - Blackhawks : 2 - Nordiques : 1.
6:25 of 2nd period - Mikael Backlund wins face-off versus Marco Rossi in neutral zone.
6:51 of 2nd period - Mattias Ekholm is hit by Adrian Kempe and loses puck.
7:16 of 2nd period - Wrist shot by Luke Kunin.
7:16 of 2nd period - Shot Hit the Post.
7:18 of 2nd period - Wrist shot by Luke Kunin.
7:18 of 2nd period - Shot Blocked by Brent Burns.
7:56 of 2nd period - Minor Penalty to Michael Rasmussen for Interference.
7:57 of 2nd period - Sebastian Aho wins face-off versus Yanni Gourde in Blackhawks zone.
8:57 of 2nd period - Kevin Hayes is hit by Tyson Foerster and loses puck.
9:47 of 2nd period - Kevin Hayes is hit by Alexander Wennberg and loses puck.
9:56 of 2nd period - Penalty to Michael Rasmussen is over, Michael Rasmussen is back on ice.
11:00 of 2nd period - Brent Burns is hit by Niko Mikkola.
11:33 of 2nd period - Elias Pettersson2 is hit by Adrian Kempe and loses puck.
11:44 of 2nd period - Elias Pettersson2 is hit by Roman Josi and loses puck.
11:49 of 2nd period - Wrist shot by Yakov Trenin.
11:49 of 2nd period - Shot Blocked by Martin Fehervary.
11:51 of 2nd period - Wrist shot by Yakov Trenin.
11:51 of 2nd period - Shot Blocked by Martin Fehervary.
12:43 of 2nd period - Snap shot by Adrian Kempe.
12:43 of 2nd period - Deflect By Matt Coronato.
12:43 of 2nd period - Shot Blocked by Sebastian Aho.
12:43 of 2nd period - Puck is out of play.
12:44 of 2nd period - Alexander Wennberg wins face-off versus Michael Rasmussen in Nordiques zone.
12:57 of 2nd period - Wrist shot by Adrian Kempe.
12:57 of 2nd period - Stopped by Semyon Varlamov with a rebound.
13:09 of 2nd period - Alexander Wennberg is hit by Niko Mikkola and loses puck.
14:49 of 2nd period - Lucas Raymond is hit by Niko Mikkola and loses puck.
14:58 of 2nd period - Snap shot by Sebastian Aho.
14:58 of 2nd period - Shot Blocked by Carson Soucy.
15:08 of 2nd period - Snap shot by Lucas Raymond.
15:08 of 2nd period - Stopped by David Rittich with a rebound.
15:14 of 2nd period - Snap shot by Sebastian Aho.
15:14 of 2nd period - Stopped by David Rittich without a rebound.
15:15 of 2nd period - Marco Rossi wins face-off versus Matt Coronato in Blackhawks zone.
15:26 of 2nd period - Wrist shot by Marco Rossi.
15:26 of 2nd period - Shot Blocked by Pavel Mintyukov.
15:28 of 2nd period - Slapshot by Pius Suter.
15:28 of 2nd period - Shot Misses the Net.
15:45 of 2nd period - Snap shot by Travis Sanheim.
15:45 of 2nd period - Shot Blocked by Jack St. Ivany.
16:03 of 2nd period - Icing by Mikael Backlund.
16:04 of 2nd period - Mikael Backlund wins face-off versus Marco Rossi in Blackhawks zone.
16:08 of 2nd period - Off-side.
16:09 of 2nd period - Marco Rossi wins face-off versus Michael Rasmussen in neutral zone.
16:16 of 2nd period - Wrist shot by Adrian Kempe.
16:16 of 2nd period - Shot Blocked by Pius Suter.
16:22 of 2nd period - Slapshot by Adrian Kempe.
16:22 of 2nd period - Shot Blocked by Pius Suter.
17:46 of 2nd period - Wrist shot by Matt Coronato.
17:46 of 2nd period - Stopped by Semyon Varlamov with a rebound.
18:06 of 2nd period - Wrist shot by Kirby Dach.
18:06 of 2nd period - Deflect By Mikael Backlund.
18:06 of 2nd period - Shot Misses the Net.
18:06 of 2nd period - Puck is out of play.
18:07 of 2nd period - Marco Rossi wins face-off versus Mikael Backlund in Blackhawks zone.
18:16 of 2nd period - Wrist shot by Tyson Foerster.
18:16 of 2nd period - Stopped by David Rittich with a rebound.
18:25 of 2nd period - Pius Suter is hit by Tyler Bertuzzi and loses puck.
18:36 of 2nd period - Slapshot by Yanni Gourde.
18:36 of 2nd period - Stopped by Semyon Varlamov without a rebound.
18:37 of 2nd period - Yanni Gourde wins face-off versus Alexander Wennberg in Nordiques zone.
18:50 of 2nd period - Alex Newhook is hit by Kevin Hayes.
19:11 of 2nd period - Snap shot by Sebastian Aho.
19:11 of 2nd period - Shot Misses the Net.
19:13 of 2nd period - Wrist shot by Sebastian Aho.
19:13 of 2nd period - Shot Misses the Net.
19:33 of 2nd period - Wrist shot by Matt Coronato.
19:33 of 2nd period - Stopped by Semyon Varlamov without a rebound.
19:34 of 2nd period - Mikael Backlund wins face-off versus Alexander Wennberg in Nordiques zone.
Goals for this period are 1 for Blackhawks vs 1 for Nordiques.
Shots for this period are 9 for Blackhawks vs 10 for Nordiques.

3rd period


0:01 of 3rd period - Michael Rasmussen wins face-off versus Peyton Krebs in neutral zone.
0:08 of 3rd period - Slapshot by Matt Coronato.
0:08 of 3rd period - Shot Misses the Net.
0:10 of 3rd period - Wrist shot by Adrian Kempe.
0:10 of 3rd period - Shot Blocked by Vasily Podkolzin.
0:12 of 3rd period - Slapshot by Moritz Seider.
0:12 of 3rd period - Goal by Moritz Seider - Blackhawks : 3 - Nordiques : 1.
0:13 of 3rd period - Mikael Backlund wins face-off versus Sebastian Aho in neutral zone.
0:18 of 3rd period - Sebastian Aho is hit by Mikael Backlund and loses puck.
0:39 of 3rd period - Travis Sanheim is hit by Michael Rasmussen and loses puck.
1:05 of 3rd period - Icing by Pius Suter.
1:06 of 3rd period - Mark Stone wins face-off versus Marco Rossi in Nordiques zone.
1:34 of 3rd period - Minor Penalty to Carson Soucy for Roughing.
1:35 of 3rd period - Sebastian Aho wins face-off versus Yanni Gourde in Blackhawks zone.
3:34 of 3rd period - Penalty to Carson Soucy is over, Carson Soucy is back on ice.
3:39 of 3rd period - Snap shot by Mikael Backlund.
3:39 of 3rd period - Shot Misses the Net.
3:41 of 3rd period - Slapshot by Roman Josi.
3:41 of 3rd period - Stopped by Semyon Varlamov with a rebound.
3:43 of 3rd period - Slapshot by Niko Mikkola.
3:43 of 3rd period - Shot Blocked by Kirby Dach.
3:45 of 3rd period - Snap shot by Yakov Trenin.
3:45 of 3rd period - Stopped by Semyon Varlamov with a rebound.
3:47 of 3rd period - Slapshot by Niko Mikkola.
3:47 of 3rd period - Stopped by Semyon Varlamov without a rebound.
3:48 of 3rd period - Kirby Dach wins face-off versus Mikael Backlund in Nordiques zone.
3:55 of 3rd period - Snap shot by Tyler Bertuzzi.
3:55 of 3rd period - Stopped by Semyon Varlamov with a rebound.
3:57 of 3rd period - Slapshot by Pavel Mintyukov.
3:57 of 3rd period - Shot Misses the Net.
4:05 of 3rd period - Mark Stone is hit by Travis Sanheim and loses puck.
4:41 of 3rd period - Wrist shot by Marco Rossi.
4:41 of 3rd period - Shot Blocked by James van Riemsdyk.
5:24 of 3rd period - Slapshot by Adrian Kempe.
5:24 of 3rd period - Stopped by Semyon Varlamov with a rebound.
5:26 of 3rd period - Snap shot by Adrian Kempe.
5:26 of 3rd period - Goal by Adrian Kempe - Blackhawks : 4 - Nordiques : 1.
5:27 of 3rd period - Sebastian Aho wins face-off versus Michael Rasmussen in neutral zone.
5:31 of 3rd period - Off-side.
5:32 of 3rd period - Sebastian Aho wins face-off versus Michael Rasmussen in neutral zone.
6:01 of 3rd period - Off-side.
6:02 of 3rd period - Mikael Backlund wins face-off versus Peyton Krebs in neutral zone.
6:09 of 3rd period - Snap shot by Mikael Backlund.
6:09 of 3rd period - Goal by Mikael Backlund - Blackhawks : 5 - Nordiques : 1.
6:10 of 3rd period - Yanni Gourde wins face-off versus Sebastian Aho in neutral zone.
6:17 of 3rd period - Slapshot by James van Riemsdyk.
6:17 of 3rd period - Stopped by Semyon Varlamov with a rebound.
6:19 of 3rd period - Snap shot by Moritz Seider.
6:19 of 3rd period - Shot Misses the Net.
6:21 of 3rd period - Slapshot by Roman Josi.
6:21 of 3rd period - Shot Misses the Net.
6:23 of 3rd period - Slapshot by James van Riemsdyk.
6:23 of 3rd period - Stopped by Semyon Varlamov with a rebound.
6:25 of 3rd period - Snap shot by James van Riemsdyk.
6:25 of 3rd period - Shot Blocked by Mattias Ekholm.
6:31 of 3rd period - Minor Penalty to Mattias Ekholm for High sticking.
6:32 of 3rd period - Alexander Wennberg wins face-off versus Mikael Backlund in Nordiques zone.
6:32 of 3rd period - Alexander Wennberg is hit by Adrian Kempe.
7:07 of 3rd period - Slapshot by Roman Josi.
7:07 of 3rd period - Stopped by Semyon Varlamov with a rebound.
7:09 of 3rd period - Wrist shot by Roman Josi.
7:09 of 3rd period - Shot Blocked by Shayne Gostisbehere.
7:11 of 3rd period - Slapshot by Roman Josi.
7:11 of 3rd period - Shot Blocked by Sebastian Aho.
7:13 of 3rd period - Slapshot by Roman Josi.
7:13 of 3rd period - Shot Misses the Net.
7:15 of 3rd period - Slapshot by Mark Stone.
7:15 of 3rd period - Stopped by Semyon Varlamov without a rebound.
7:16 of 3rd period - Yanni Gourde wins face-off versus Alexander Wennberg in Nordiques zone.
7:25 of 3rd period - Wrist shot by Matt Coronato.
7:25 of 3rd period - Shot Hit the Post.
7:27 of 3rd period - Snap shot by Matt Coronato.
7:27 of 3rd period - Shot Misses the Net.
8:31 of 3rd period - Penalty to Mattias Ekholm is over, Mattias Ekholm is back on ice.
8:44 of 3rd period - Shayne Gostisbehere is hit by Jack St. Ivany and loses puck.
9:05 of 3rd period - Wrist shot by Cole Smith.
9:05 of 3rd period - Stopped by David Rittich with a rebound.
9:07 of 3rd period - Wrist shot by Chris Kreider.
9:07 of 3rd period - Stopped by David Rittich with a rebound.
9:11 of 3rd period - Slapshot by Chris Kreider.
9:11 of 3rd period - Shot Misses the Net.
9:52 of 3rd period - Yanni Gourde is hit by Sebastian Aho and loses puck.
10:11 of 3rd period - Wrist shot by Vasily Podkolzin.
10:11 of 3rd period - Stopped by David Rittich without a rebound.
10:12 of 3rd period - Peyton Krebs wins face-off versus Mikael Backlund in Blackhawks zone.
10:15 of 3rd period - Wrist shot by Cole Smith.
10:15 of 3rd period - Stopped by David Rittich without a rebound.
10:16 of 3rd period - Mikael Backlund wins face-off versus Alexander Wennberg in Blackhawks zone.
10:29 of 3rd period - Slapshot by Alexander Wennberg.
10:29 of 3rd period - Shot Misses the Net.
10:31 of 3rd period - Slapshot by Alex Newhook.
10:31 of 3rd period - Stopped by David Rittich with a rebound.
10:47 of 3rd period - Off-side.
10:48 of 3rd period - Sebastian Aho wins face-off versus Michael Rasmussen in neutral zone.
10:57 of 3rd period - Snap shot by Sebastian Aho.
10:57 of 3rd period - Stopped by David Rittich with a rebound.
10:59 of 3rd period - Snap shot by Chris Kreider.
10:59 of 3rd period - Stopped by David Rittich without a rebound.
11:00 of 3rd period - Mikael Backlund wins face-off versus Marco Rossi in Blackhawks zone.
11:00 of 3rd period - Mikael Backlund is hit by Travis Sanheim.
11:13 of 3rd period - Off-side.
11:14 of 3rd period - Alexander Wennberg wins face-off versus Michael Rasmussen in neutral zone.
11:19 of 3rd period - Adrian Kempe is hit by Elias Pettersson2 and loses puck.
11:46 of 3rd period - Slapshot by Marco Rossi.
11:46 of 3rd period - Stopped by David Rittich without a rebound.
11:47 of 3rd period - Pius Suter wins face-off versus Tyler Bertuzzi in Blackhawks zone.
11:48 of 3rd period - Wrist shot by Marco Rossi.
11:48 of 3rd period - Stopped by David Rittich without a rebound.
11:49 of 3rd period - Sebastian Aho wins face-off versus Mikael Backlund in Blackhawks zone.
11:50 of 3rd period - Snap shot by Lucas Raymond.
11:50 of 3rd period - Shot Blocked by Tyler Bertuzzi.
12:01 of 3rd period - Icing by Mattias Ekholm.
12:02 of 3rd period - Sebastian Aho wins face-off versus Yanni Gourde in Nordiques zone.
12:35 of 3rd period - Wrist shot by Sebastian Aho.
12:35 of 3rd period - Stopped by David Rittich without a rebound.
12:36 of 3rd period - Alexander Wennberg wins face-off versus Mikael Backlund in Blackhawks zone.
12:45 of 3rd period - Snap shot by Alex Newhook.
12:45 of 3rd period - Shot Misses the Net.
12:47 of 3rd period - Slapshot by Shayne Gostisbehere.
12:47 of 3rd period - Shot Blocked by Mikael Backlund.
12:49 of 3rd period - Wrist shot by Kirby Dach.
12:49 of 3rd period - Stopped by David Rittich without a rebound.
12:50 of 3rd period - Tyson Foerster wins face-off versus Matt Coronato in Blackhawks zone.
13:17 of 3rd period - Off-side.
13:18 of 3rd period - Alexander Wennberg wins face-off versus Mikael Backlund in neutral zone.
13:23 of 3rd period - Pavel Mintyukov is hit by Elias Pettersson2 and loses puck.
13:32 of 3rd period - Slapshot by Alex Newhook.
13:32 of 3rd period - Stopped by David Rittich with a rebound.
13:34 of 3rd period - Backhand shot by Alexander Wennberg.
13:34 of 3rd period - Stopped by David Rittich without a rebound.
13:35 of 3rd period - Peyton Krebs wins face-off versus Yanni Gourde in Blackhawks zone.
13:36 of 3rd period - Wrist shot by Vasily Podkolzin.
13:36 of 3rd period - Shot Misses the Net.
13:48 of 3rd period - Slapshot by Carson Soucy.
13:48 of 3rd period - Stopped by Semyon Varlamov without a rebound.
13:49 of 3rd period - Mikael Backlund wins face-off versus Marco Rossi in Nordiques zone.
14:15 of 3rd period - Roman Josi is hit by Cole Smith and loses puck.
14:20 of 3rd period - Backhand shot by Cole Smith.
14:20 of 3rd period - Shot Misses the Net.
14:22 of 3rd period - Snap shot by Vasily Podkolzin.
14:22 of 3rd period - Shot Misses the Net.
14:24 of 3rd period - Snap shot by Peyton Krebs.
14:24 of 3rd period - Stopped by David Rittich without a rebound.
14:25 of 3rd period - Sebastian Aho wins face-off versus Adrian Kempe in Blackhawks zone.
15:16 of 3rd period - Snap shot by Luke Kunin.
15:16 of 3rd period - Stopped by Semyon Varlamov without a rebound.
15:17 of 3rd period - Alexander Wennberg wins face-off versus Tyler Bertuzzi in Nordiques zone.
16:08 of 3rd period - Moritz Seider is hit by Peyton Krebs.
16:19 of 3rd period - Wrist shot by Cole Smith.
16:19 of 3rd period - Shot Blocked by Roman Josi.
17:32 of 3rd period - Vasily Podkolzin is hit by James van Riemsdyk and loses puck.
17:37 of 3rd period - Slapshot by Kevin Hayes.
17:37 of 3rd period - Shot Blocked by Shayne Gostisbehere.
17:54 of 3rd period - Marco Rossi is hit by Roman Josi and loses puck.
18:19 of 3rd period - Michael Amadio is hit by Kirby Dach and loses puck.
19:00 of 3rd period - Mikael Backlund is hit by Chris Kreider and loses puck.
19:07 of 3rd period - Snap shot by Sebastian Aho.
19:07 of 3rd period - Stopped by David Rittich with a rebound.
19:09 of 3rd period - Wrist shot by Chris Kreider.
19:09 of 3rd period - Stopped by David Rittich without a rebound.
19:10 of 3rd period - Marco Rossi wins face-off versus Michael Rasmussen in Blackhawks zone.
19:42 of 3rd period - Carson Soucy is hit by Sebastian Aho and loses puck.
19:57 of 3rd period - Wrist shot by Cole Smith.
19:57 of 3rd period - Shot Misses the Net.
19:59 of 3rd period - Snap shot by Cole Smith.
19:59 of 3rd period - Stopped by David Rittich with a rebound.
Goals for this period are 3 for Blackhawks vs 0 for Nordiques.
Shots for this period are 14 for Blackhawks vs 17 for Nordiques.